 Dungeon Crawl Stone Soup version 0.22.1-2-g9c5b331 (webtiles) character file.

16585 Fang the Cleaver (level 12, -2/78 HPs)
             Began as a Gargoyle Berserker on Nov 15, 2018.
             Was a High Priest of Trog.
             Slain by Urug
             ... wielding a +3 broad axe of draining
              (15 damage)
             ... on level 1 of the Lair of Beasts on Nov 16, 2018.
             The game lasted 00:20:00 (13187 turns).

Fang the Cleaver (Gargoyle Berserker)              Turns: 13187, Time: 00:20:01

Health: -2/78      AC: 19    Str: 30    XL:     12   Next: 39%
Magic:  0/4        EV: 13    Int:  7    God:    Trog [*****.]
Gold:   367        SH:  0    Dex:  9    Spells: 11/11 levels left

rFire    + . .     SeeInvis +   p - +1 executioner's axe (antimagic)
rCold    . . .     Gourm    .   (shield currently unavailable)
rNeg     + . .     Faith    .   I - +0 chain mail "Sionguj" {+Inv +Fly rCorr}
rPois    ∞         Spirit   +   u - +2 helmet
rElec    +         Reflect  .   (no cloak)
rCorr    +         Harm     .   (no gloves)
MR       .....                  (no boots)
Stlth    ..........             n - amulet of guardian spirit
HPRegen  0.23/turn              i - ring of see invisible
MPRegen  0.09/turn              m - +3 ring of strength

@: berserk cooldown, slowed, very slow
A: repulsion field 1, deformed body, fire resistance 1, negative energy
resistance 1, electricity resistance, unbreathing, petrification resistance, rot
immunity, subdued magic 1, AC +8
a: Berserk, Trog's Hand, Brothers in Arms, Renounce Religion, Evoke
Invisibility, Evoke Flight


You were on level 1 of the Lair of Beasts.
You worshipped Trog.
Trog was extremely pleased with you.
You were not hungry.

You visited 3 branches of the dungeon, and saw 13 of its levels.
You also visited: Bailey.

You collected 567 gold pieces.
You spent 200 gold pieces at shops.

Inventory:

Hand Weapons
 p - a +1 antimagic executioner's axe (weapon)
 x - a +1 war axe of freezing
Armour
 r - a +2 plate armour
 u - a +2 helmet (worn)
 I - the +0 chain mail "Sionguj" (worn) {+Inv +Fly rCorr}
   (You found it on level 6 of the Dungeon)

   It lets you turn invisible.
   It lets you fly.
   It provides partial protection from all sources of acid and corrosion.
Jewellery
 e - an uncursed ring of positive energy
 i - a ring of see invisible (left hand)
 m - a +3 ring of strength (right hand)
 n - an amulet of guardian spirit (around neck)
Wands
 q - a wand of enslavement (18)
 s - a wand of flame (42)
 w - a wand of disintegration (16)
 y - a wand of iceblast (9)
 F - a wand of acid (11)
Scrolls
 a - 2 scrolls of identify
 d - 6 scrolls of teleportation
 f - a scroll of magic mapping
 j - a scroll of fear
 l - 4 scrolls of remove curse
 o - 2 scrolls of enchant weapon
 B - a scroll of enchant armour
Potions
 b - 3 potions of haste
 g - a potion of invisibility
 h - a potion of lignification
 k - 2 potions of resistance
 t - 5 potions of heal wounds
 v - a potion of ambrosia {unknown}
 z - a potion of magic
 A - a potion of cancellation
 C - a potion of might
 D - 4 potions of curing
 H - 2 potions of agility
Comestibles
 c - 19 rations


   Skills:
 + Level 10.3 Fighting
 + Level 13.4 Axes
 + Level 9.4 Armour
 + Level 4.4 Dodging
 + Level 2.2 Stealth


You had 11 spell levels left.
You didn't know any spells.
Your spell library was empty.

Dungeon Overview and Level Annotations

Branches:
Dungeon (11/15)            Temple (1/1) D:6            Lair (1/6) D:9
    Orc: D:9-12

Altars:
Ashenzari
Cheibriados
Elyvilon
Fedhas
Gozag
Hepliaklqana
Kikubaaqudgha
Makhleb
Nemelex Xobeh
Qazlal
Ru
Sif Muna
Trog
Uskayaw
Vehumet
Wu Jian
Xom
Yredelemnul
Zin
The Shining One

Shops:
D:4 (   D:10 ?

Annotations:
D:11 3 runed doors, bande's ghost, journeyman GrFi; worthlessgem's ghost, journeyman SpSk
Lair:1 Urug


Innate Abilities, Weirdness & Mutations

You are resistant to torment.
Your stone body is resilient. (AC +8)
You are immune to poison.
You resist negative energy. (rN+)
You are resistant to electric shocks. (rElec)
You can survive without breathing.
You are immune to petrification.
You are immune to rotting.
You are surrounded by a mild repulsion field. (EV +2)
Armour fits poorly on your strangely shaped body.
Your flesh is heat resistant. (rF+)
Your spells are a little easier to cast, but a little less powerful.


Message History

Urug hits you with a broad axe of draining.
* * * LOW HITPOINT WARNING * * *
You closely miss Urug.
Urug is severely wounded.
Urug hits you with a broad axe of draining!
* * * LOW HITPOINT WARNING * * *
You closely miss Urug.
Urug is severely wounded.
You are no longer berserk.
You are exhausted.
You feel yourself slow down.
You barely miss Urug.
Urug is severely wounded.
Urug hits you with a broad axe of draining!
* * * LOW HITPOINT WARNING * * *
Urug misses you.
You miss Urug.
Urug is severely wounded.
Urug hits you with a broad axe of draining!
You die...

## #. #.## #.P# ?.# #o#
#@# #.# #(# .. ####.#
#####..######.#.(#######
........................
................(.......
........................
........................


You could see Urug.

Vanquished Creatures
  Harold (D:7)
  A hydra (D:11)
  2 two-headed ogres
  A deep elf mage (D:11)
  2 ugly things (D:11)
  A cyclops (D:11)
  A centaur zombie (D:10)
  2 spiny frogs (Lair:1)
  A komodo dragon (Lair:1)
  A queen bee (D:11)
  A troll (D:11)
  A hornet (D:11)
  3 hippogriffs
  A wyvern (D:11)
  13 yaks
  2 hungry ghosts
  A steam dragon (D:11)
  2 basilisks (D:9)
  A water moccasin (D:8)
  4 porcupines (Lair:1)
  4 orc warriors
  2 ice beasts
  2 sky beasts
  A phantom (D:8)
  7 ogres
  11 centaurs
  2 big kobolds (D:10)
  9 bullfrogs
  2 scorpions
  7 wights
  18 killer bees (D:11)
  3 howler monkeys
  5 crimson imps
  10 hounds
  3 bullfrog zombies
  2 jellies
  4 orc priests
  13 orc wizards
  5 bullfrog skeletons
  5 iguanas
  8 worker ants
  A hound zombie (D:6)
  A hound skeleton (D:5)
  Robin (D:3)
  3 worker ant zombies
  15 adders
  2 shadow imps
  2 oozes (D:3)
  5 worms
  4 dart slugs
  6 leopard geckos
  34 orcs
  A ball python (D:1)
  4 giant cockroaches
  15 goblins
  7 hobgoblins
  6 jackals
  4 quokkas
  8 bats
  3 frilled lizards
  A jackal skeleton (D:7)
  17 kobolds
  A leopard gecko zombie (D:7)
  3 quokka skeletons
  8 rats
317 creatures vanquished.

Vanquished Creatures (collateral kills)
  A hydra (D:11)
  An elephant (D:9)
  A wyvern (D:9)
  2 yaks (D:11)
  5 killer bees (D:11)
10 creatures vanquished.

Vanquished Creatures (others)
  Blork the orc (D:5)
1 creature vanquished.

Grand Total: 328 creatures vanquished

Notes
Turn   | Place    | Note
-------+----------+-------------------------------------------
     0 | D:1      | Fang the Gargoyle Berserker began the quest for the Orb.
     0 | D:1      | Reached XP level 1. HP: 14/14 MP: 1/1
   384 | D:1      | Reached XP level 2. HP: 13/19 MP: 2/2
   623 | D:1      | Reached skill level 3 in Axes
  1062 | D:1      | Reached XP level 3. HP: 23/23 MP: 3/3
  2234 | D:2      | Reached XP level 4. HP: 18/29 MP: 4/4
  2701 | D:2      | Reached ** piety under Trog
  2778 | D:3      | Reached skill level 4 in Axes
  2778 | D:3      | Reached skill level 1 in Stealth
  2778 | D:3      | Reached XP level 5. HP: 30/33 MP: 5/5
  2779 | D:3      | Noticed Robin
  2805 | D:3      | Killed Robin
  3600 | D:3      | Reached XP level 6. HP: 38/38 MP: 6/6
  3718 | D:3      | Found a shattered altar of Ashenzari.
  3963 | D:3      | Reached *** piety under Trog
  4167 | D:4      | Found Qoixog's Weapon Emporium.
  4248 | D:4      | Reached skill level 5 in Axes
  4270 | D:4      | Reached XP level 7. HP: 29/44 MP: 2/7
  4967 | D:5      | Entered Level 5 of the Dungeon
  5003 | D:5      | Noticed Blork the orc
  5021 | D:5      | Killed Blork the orc
  5021 | D:5      | Reached skill level 6 in Axes
  5174 | D:5      | Reached XP level 8. HP: 46/48 MP: 6/8
  5285 | D:5      | You fall through a shaft for 2 floors!
  5296 | D:7      | Found a flagged portal.
  5307 | Bailey   | Entered a bailey
  5307 | Bailey   | Noticed an orc knight
  5332 | D:7      | Reached skill level 5 in Fighting
  5480 | D:7      | Reached skill level 7 in Axes
  5950 | D:7      | Reached skill level 5 in Armour
  5963 | D:7      | Reached **** piety under Trog
  6172 | D:7      | Reached skill level 8 in Axes
  6198 | D:7      | Reached XP level 9. HP: 49/54 MP: 9/9
  6226 | D:7      | Noticed Harold
  6247 | D:7      | Killed Harold
  6247 | D:7      | Reached skill level 9 in Axes
  6558 | D:6      | Got a polished chain mail
  6569 | D:6      | Identified the cursed +0 chain mail "Sionguj" {+Inv +Fly
                  | rCorr} (You found it on level 6 of the Dungeon)
  6748 | D:6      | Found a staircase to the Ecumenical Temple.
  6881 | Temple   | Entered the Ecumenical Temple
  7799 | D:8      | Reached skill level 10 in Axes
  7886 | D:8      | Reached XP level 10. HP: 46/61 MP: 7/10
  7976 | D:8      | Gained mutation: Your spells are a little easier to cast,
                  | but a little less powerful. [potion of mutation]
  7976 | D:8      | Gained mutation: Armour fits poorly on your strangely
                  | shaped body. [potion of mutation]
  7976 | D:8      | Gained mutation: You are surrounded by a mild repulsion
                  | field. (EV +2) [potion of mutation]
  7976 | D:8      | Gained mutation: Your flesh is heat resistant. (rF+)
                  | [potion of mutation]
  8103 | D:8      | Reached ***** piety under Trog
  8634 | D:9      | Found a shattered altar of Ashenzari.
  8791 | D:9      | Found a glowing golden altar of the Shining One.
  9005 | D:9      | Noticed an elephant
  9014 | D:9      | Killed an elephant
  9029 | D:9      | Reached skill level 11 in Axes
  9256 | D:9      | Found a staircase to the Lair.
  9278 | D:9      | Noticed a two-headed ogre
  9293 | D:9      | Killed a two-headed ogre
  9439 | D:9      | Reached XP level 11. HP: 48/69 MP: 8/11
  9667 | D:10     | Entered Level 10 of the Dungeon
 10130 | D:10     | Received a gift from Trog
 10198 | D:10     | Found Cuij Qoa's Magic Scroll Shop.
 10206 | D:10     | Bought a scroll of brand weapon for 200 gold pieces
 10490 | D:11     | Noticed a five-headed hydra
 10502 | D:11     | Killed a 13-headed hydra
 10505 | D:11     | Reached skill level 12 in Axes
 10885 | D:11     | Noticed a purple ugly thing
 10893 | D:11     | Killed a purple ugly thing
 10893 | D:11     | Noticed a deep elf mage
 10950 | D:11     | Killed a deep elf mage
 11299 | D:11     | Noticed a cyclops
 11310 | D:11     | Killed a cyclops
 11501 | D:11     | Reached XP level 12. HP: 40/77 MP: 9/12
 11512 | D:11     | Received a gift from Trog
 11534 | D:11     | Reached skill level 10 in Fighting
 11534 | D:11     | Reached skill level 13 in Axes
 11543 | D:11     | Noticed a six-headed hydra
 11553 | D:11     | Killed a six-headed hydra
 12000 | D:11     | Noticed a two-headed ogre
 12005 | D:11     | Killed a two-headed ogre
 12473 | D:11     | Found a runed gate.
 12473 | D:11     | Found a runed gate.
 12473 | D:11     | Found a runed gate.
 12479 | D:11     | Noticed worthlessgem's ghost (journeyman SpSk)
 12480 | D:11     | Noticed bande's ghost (journeyman GrFi)
 12649 | Lair:1   | Entered Level 1 of the Lair of Beasts
 13163 | Lair:1   | Noticed Urug
 13187 | Lair:1   | Slain by Urug

Skill      XL: |  1  2  3  4  5  6  7  8  9 10 11 12 |
---------------+-------------------------------------+-----
Axes           | 3 4 5 6 8 10 11 12 13 | 13.4
Dodging        | 2 3 4 |  4.4
Stealth        | 1 2 |  2.2
Fighting       | 4 5 6 8 9 10 | 10.3
Armour         | 3 5 6 7 8 9 |  9.4

Action                   |  1- 3 |  4- 6 |  7- 9 | 10-12 || total
-------------------------+-------+-------+-------+-------++-------
Melee: Hand axe          |   162 |   204 |    28 |       ||   394
       War axe           |       |       |   338 |   459 ||   797
       Executioner's axe |       |       |       |   113 ||   113
Invok: Berserk           |     3 |     3 |     6 |     8 ||    20
       Brothers in Arms  |       |       |       |     4 ||     4
  Use: Scroll            |       |       |     8 |    16 ||    24
       Potion            |       |       |       |     1 ||     1
 Stab: Sleeping          |       |     1 |       |       ||     1
  Eat: Chunk             |     7 |     9 |     8 |    25 ||    49
       Ration            |       |       |     3 |     2 ||     5
Armor: Animal skin       |    52 |    49 |       |       ||   101
       Plate armour      |       |    88 |   222 |       ||   310
       Chain mail        |       |       |    72 |   309 ||   381
Dodge: Dodged            |   120 |   142 |   149 |   375 ||   786
